 Dungeon Crawl Stone Soup version 0.28-a0-941-g140ffa10cf (webtiles) character file.

Game seed: 14377287016350378295

784 night the Firebug (level 7, -4/44 HPs)
             Began as a Gargoyle Fire Elementalist on Nov 29, 2021.
             Slain by a yak (15 damage)
             ... on level 4 of the Dungeon.
             The game lasted 00:10:32 (5499 turns).

night the Firebug (Gargoyle Fire Elementalist)      Turns: 5499, Time: 00:10:32

Health: -4/44      AC:  7    Str: 17    XL:     7   Next: 86%
Magic:  13/13      EV: 11    Int: 18    God:
Gold:   221        SH:  0    Dex: 10    Spells: 4/14 levels left

rFire   . . .      SeeInvis .   g - +1 dagger (drain)
rCold   . . .      Faith    .   (no shield)
rNeg    + . .      Spirit   .   a - +0 robe
rPois   ∞          Reflect  .   (no helmet)
rElec   +          Harm     .   d - scarf {repulsion}
rCorr   .          Rampage  .   p - +0 pair of gloves
Will    .....                   (no boots)
Stlth   ++........              (no amulet)
HPRegen 0.14/turn               n - +6 ring of strength
MPRegen 0.13/turn               (no ring)

@: about to teleport, repel missiles
A: sickness immunity, AC +4, negative energy resistance 1, electricity
resistance, torment resistance 1, petrification resistance
a: no special abilities


You were on level 4 of the Dungeon.
You visited 1 branch of the dungeon, and saw 5 of its levels.

You collected 221 gold pieces.

Inventory:

Hand Weapons
 g - a +1 dagger of draining (weapon)
 h - a +0 long sword
 r - a +1 vampiric whip
Missiles
 c - 122 stones
 f - 32 poisoned darts
 k - a throwing net
 m - 22 bolts
Armour
 a - a +0 robe (worn)
 d - a scarf of repulsion (worn)
 p - a +0 pair of gloves (worn)
Jewellery
 n - a +6 ring of strength (left hand)
Wands
 b - a wand of digging (6)
Scrolls
 l - 2 scrolls of teleportation
 q - 3 scrolls of identify
Potions
 i - a potion of attraction
 j - 2 potions of degeneration


   Skills:
 + Level 4.3 Fighting
 - Level 1.5 Dodging
 - Level 2.1 Stealth
 + Level 4.2 Spellcasting
 + Level 4.6 Conjurations
 + Level 5.1 Fire Magic


You had 4 spell levels left.
You knew the following spells:

 Your Spells              Type           Power      Damage    Failure   Level
a - Foxfire               Conj/Fire      84%        2x1d8     1%          1
b - Scorch                Fire           44%        2d7       2%          2
c - Inner Flame           Hex/Fire       13%        N/A       16%         3
d - Flame Wave            Conj/Fire      21%        2d6       19%         4

Your spell library contained the following spells:

 Spells                   Type           Power      Damage    Failure   Level
 Conjure Flame            Conj/Fire      21%        6-21      6%          3
 Passwall                 Tmut/Erth      2%         N/A       22%         2
 Swiftness                Air            3%         N/A       41%         3


Dungeon Overview and Level Annotations

Branches:
Dungeon (5/15)
 Temple: D:4-7

Altars:
Cheibriados
Elyvilon
Wu Jian
Beogh

Shops:
D:4 [


Innate Abilities, Weirdness & Mutations

You are immune to sickness and miasma.
Your stone body is resilient. (AC +4)
You are immune to poison.
You resist negative energy. (rN+)
You are resistant to electric shocks. (rElec)
You are resistant to unholy torment.
You are immune to petrification.


Message History

The orc is severely wounded.
The orc hits you but does no damage.
Your Fire Magic skill increases to level 5!
Casting: Foxfire (safe; 1% risk of failure)
Confirm with . or Enter, or press ? or * to list all spells.
You conjure some foxfire!
The orc hits you with a +0 mace.
* * * LOW HITPOINT WARNING * * *
Unknown command.
The foxfire hits the orc!
You kill the orc!
You see here a yak corpse.
Your foxfire dissipates!
Things that are here:
a +0 mace; a +0 mace; a +0 ring mail You start resting.
Magic restored.
You start resting.
HP restored.
You see here a +0 ring mail.
There is an open door here.
Items here: )) [ ÷÷.
Done exploring.
You see here a +0 dagger.
There is a stone staircase leading down here.
You climb downwards.
The gnoll hits you with a +0 whip. The yak gores you.
The yak closely misses you. The yak gores you! The gnoll misses you.
There is a stone staircase leading up here.
The yak closely misses you. The yak gores you. The yak gores you!
* * * LOW HITPOINT WARNING * * *
The gnoll barely misses you.
You climb upwards.
There is a stone staircase leading down here.
Okay, then.
Casting: Foxfire (safe; 1% risk of failure)
Confirm with . or Enter, or press ? or * to list all spells.
You don't know that spell.
Unknown command.
As you read the scroll of teleportation, it crumbles to dust.
You feel strangely unstable. The yak barely misses you. The yak gores you!
You die...

....#.##.....###.....###.....##
....#..##...## ##...## ##...##
....##..#####################
#.#......................#
#.#.##.#)..#.###########.#
.....#.#...#..# ###.########
.....#.....##.# #...........
.....#.#...##.########.#####.####
...........##..#@g.....#⌠≈≈###≈≈⌠
.....#.#...###.YY#####.#≈≈≈≈≈≈≈≈≈
.....#.#...# ##)## #.#≈≈≈#≈#≈≈≈
.......#...# #..# #.##≈##.##≈#
.....#.#...# #.## #..#≈#._.#≈#
.....#.##### #.# #.##≈##.##≈#
######.# #.# #.#≈≈≈###≈≈≈ #.# #.#
#.#≈≈≈†≈≈≈≈≈ #.# #.# #.#⌠≈≈#'#≈≈⌠


You could see 2 yaks and a gnoll.

Vanquished Creatures
  A yak (D:4)
  A black bear (D:3)
  A necrophage (D:4)
  A phantom (D:4)
  A scorpion (D:4)
  An orc priest (D:4)
  A hound (D:4)
  A jelly (D:4)
  An iguana (D:4)
  11 adders
  3 worms
  4 dart slugs
  11 orcs
  12 endoplasms
  4 giant cockroaches
  2 goblins
  3 hobgoblins
  6 jackals
  8 kobolds
  A quokka (D:4)
  8 ball pythons
  3 bats
  5 frilled lizards
  4 rats
94 creatures vanquished.

Vanquished Creatures (others)
  149 foxfires
149 creatures vanquished.

Grand Total: 243 creatures vanquished

Notes
Turn   | Place    | Note
-------+----------+-------------------------------------------
     0 | D:1      | night the Gargoyle Fire Elementalist began the quest for
                  | the Orb.
     0 | D:1      | Reached XP level 1. HP: 10/10 MP: 3/3
   471 | D:1      | Reached XP level 2. HP: 16/16 MP: 1/5
   474 | D:1      | Learned a level 2 spell: Scorch
   690 | D:1      | Reached skill level 1 in Fighting
  1269 | D:2      | Reached XP level 3. HP: 20/20 MP: 1/6
  1346 | D:2      | Reached skill level 2 in Conjurations
  1561 | D:2      | Reached XP level 4. HP: 25/26 MP: 1/7
  1714 | D:2      | You fall into a shaft and drop 1 floor!
  1901 | D:3      | Found a faded altar of an unknown god.
  2073 | D:3      | Reached skill level 2 in Fighting
  2435 | D:3      | Found an ornate altar of the Wu Jian Council.
  2873 | D:2      | Reached XP level 5. HP: 28/30 MP: 2/9
  3105 | D:3      | Learned a level 3 spell: Inner Flame
  3319 | D:3      | Found a white marble altar of Elyvilon.
  3474 | D:4      | Noticed a black bear
  3518 | D:3      | Killed a black bear
  3519 | D:3      | Reached skill level 4 in Fire Magic
  3519 | D:3      | Reached XP level 6. HP: 7/36 MP: 1/10
  3524 | D:3      | Learned a level 4 spell: Flame Wave
  3774 | D:4      | Found Suthy's Antique Armour Shop.
  4156 | D:4      | Reached XP level 7. HP: 35/41 MP: 1/12
  4643 | D:4      | Found a snail-covered altar of Cheibriados.
  4857 | D:5      | Entered Level 5 of the Dungeon
  4860 | D:5      | Noticed a yak
  4866 | D:5      | Noticed a yak
  4868 | D:5      | Noticed a yak
  5159 | D:5      | Noticed a yak
  5218 | D:4      | Killed a yak
  5219 | D:4      | Reached skill level 5 in Fire Magic
  5499 | D:4      | Slain by a yak

Illustrated notes

Levels and vault maps discovered:
D:1:      kilobyte_arrival_exit_the_forest, layout_rooms
D:2:      layout_basic
D:3:      layout_loops_cross, nicolae_wu_jian_wuxing_cycle,
          nicolae_elyvilon_temple_path,
          hellmonk_ecumenical_altar_defaced_shrine, st_stairs_14
D:4:      kennysheep_six_static_rooms, layout_basic, cheibrodos_worm_habitat,
          serial_shops, nicolae_shop_statue_plus
D:5:      layout_basic, temple_fountains

Skill      XL: |  1  2  3  4  5  6  7 |
---------------+----------------------+-----
Fighting       | 1 2 3 4 |  4.3
Conjurations   | 2 3 4 |  4.6
Spellcasting   | 3 4 |  4.2
Fire Magic     | 4 5 |  5.1
Dodging        | |  1.5
Stealth        | |  2.1

Action                   |  1- 3 |  4- 6 |  7- 9 || total
-------------------------+-------+-------+-------++-------
Melee: Dagger            |    10 |    52 |    51 ||   113
 Cast: Foxfire           |    41 |    28 |    15 ||    84
       Scorch            |     5 |    26 |     8 ||    39
       Flame Wave        |       |     1 |     3 ||     4
  Use: Scroll            |       |     4 |     2 ||     6
       Potion            |       |       |     2 ||     2
 Stab: Sleeping          |       |     1 |       ||     1
Armor: Robe              |    11 |    34 |    48 ||    93
Dodge: Dodged            |    18 |    34 |    65 ||   117
       Repelled          |     1 |     1 |       ||     2

Table legend: (Time is in decaauts)
 A = Elapsed time spent in this place.
 B = Non-inter-level travel time spent in this place.
 C = Inter-level travel time spent in this place.
 D = Time resting spent in this place.
 E = Time spent auto-exploring this place.
 F = Levels seen in this place.
 G = Mean time per level.
                   A        B        C        D        E       F      G
               +--------+--------+--------+--------+--------+-----+--------+
         Total |   5526 |   5389 |    137 |    933 |   3653 |   5 | 1105.2 |
       Dungeon |   5526 |   5389 |    137 |    933 |   3653 |   5 | 1105.2 |
               +--------+--------+--------+--------+--------+-----+--------+

Top non-repeatable levels by time:
     D:4: 1870 daAuts
     D:3: 1432 daAuts
     D:1: 1194 daAuts
     D:2: 1011 daAuts
     D:5: 18 daAuts
